[ AOE2 MATCH · #507199727 ]
UnrankedPersians vs Turks
Player's team · LOSS
Rival team · WIN
[ REPLAY ANALYSIS · EXTRACTED FROM THE RECORDED GAME ]
Feudal
18:14
Castle
—
Imperial
—
| APM avg | 48.7 |
| APM peak | 82 |
| eAPM avg | 29.2 |
| Villagers / military | 56 / 2 |
Focus
⚔️ 45.5% · 🌾 54.5%
Spearman ×2
Feudal
9:16
Castle
—
Imperial
—
| APM avg | 61.4 |
| APM peak | 111 |
| eAPM avg | 19.3 |
| Villagers / military | 52 / 40 |
Focus
⚔️ 30.2% · 🌾 69.8%
Archer ×40
Match map
Initial resources + every placement click. Lines = walls · curves = elevation contours. ◆ gold · ⬟ stone · ● berries · ✦ relic · ◌ wall gap
Your base· Open — unwalled flank
CFGX | FCNancho's base· Open — 4t gap
Smoothed initial terrain · ◌ = detected wall gap · hover for details
Inputs per minute
— BOT jose - - CFGX | FCNancho
Build order — BOT jose
94 actions detected in the replay
| 0:24 | Build | House |
| 0:25 | Build | House |
| 0:28 | Queue | Villager (Male) ×5 |
| 1:50 | Queue | Villager (Male) |
| 1:50 | Queue | Villager (Male) |
| 2:31 | Build | Lumber Camp |
| 2:48 | Queue | Villager (Male) |
| 2:49 | Queue | Villager (Male) |
| 2:49 | Queue | Villager (Male) |
| 3:02 | Queue | Villager (Male) |
| 3:04 | Queue | Villager (Male) |
| 3:30 | Queue | Villager (Male) |
| 3:30 | Queue | Villager (Male) |
| 3:42 | Build | House |
| 3:55 | Queue | Villager (Male) |
| 4:18 | Queue | Villager (Male) |
| 5:01 | Queue | Villager (Male) |
| 5:02 | Queue | Villager (Male) |
| 5:02 | Queue | Villager (Male) |
| 5:12 | Research | Loom |
| 5:47 | Build | Mill |
| 6:06 | Queue | Villager (Male) |
| 6:46 | Queue | Villager (Male) |
| 7:03 | Build | House |
| 7:37 | Queue | Villager (Male) |
| 7:57 | Build | Town Center |
| 9:00 | Queue | Villager (Male) |
| 9:00 | Queue | Villager (Male) |
| 9:32 | Queue | Villager (Male) |
| 9:42 | Queue | Villager (Male) |
| 9:54 | Build | House |
| 10:00 | Queue | Villager (Male) |
| 10:11 | Queue | Villager (Male) |
| 11:12 | Queue | Villager (Male) |
| 11:32 | Queue | Villager (Male) |
| 11:56 | Queue | Villager (Male) |
| 12:12 | Queue | Villager (Male) |
| 12:22 | Build | Town Center |
| 12:56 | Build | House |
| 13:11 | Queue | Villager (Male) |
| 13:20 | Queue | Villager (Male) |
| 13:43 | Queue | Villager (Male) |
| 14:04 | Build | Mill |
| 14:21 | Queue | Villager (Male) |
| 14:35 | Build | Lumber Camp |
| 14:43 | Queue | Villager (Male) |
| 15:23 | Build | Barracks |
| 16:10 | Research | Feudal Age |
| 18:14 | Build | Mining Camp |
| 18:14 | Age | Feudal Age |
| 18:18 | Queue | Villager (Male) |
| 18:41 | Queue | Villager (Male) |
| 18:44 | Build | Market |
| 18:49 | Queue | Villager (Male) |
| 18:53 | Queue | Spearman |
| 19:15 | Queue | Villager (Male) |
| 19:26 | Queue | Villager (Male) |
| 19:29 | Build | Market |
| 19:36 | Research | Wheelbarrow |
| 20:21 | Queue | Villager (Male) |
| 20:23 | Queue | Spearman |
| 21:10 | Build | Palisade Gate |
| 21:11 | Build | Palisade Gate |
| 21:23 | Build | Palisade Gate |
| 21:44 | Queue | Villager (Male) |
| 22:12 | Queue | Villager (Male) |
| 22:38 | Queue | Villager (Male) |
| 22:53 | Queue | Villager (Male) |
| 23:01 | Queue | Villager (Male) |
| 23:36 | Build | Palisade Gate |
| 23:43 | Build | Town Center |
| 24:05 | Build | Blacksmith |
| 24:21 | Queue | Villager (Male) |
| 24:34 | Build | Watch Tower |
| 24:39 | Queue | Villager (Male) |
| 25:05 | Build | Farm |
| 25:07 | Build | Farm |
| 25:09 | Build | Farm |
| 25:39 | Build | Watch Tower |
| 26:28 | Queue | Villager (Male) |
| 26:51 | Build | Lumber Camp |
| 27:18 | Build | Farm |
| 27:20 | Build | Farm |
| 27:23 | Build | Farm |
| 27:26 | Build | Farm |
| 28:12 | Queue | Villager (Male) |
| 28:23 | Build | Watch Tower |
| 28:26 | Queue | Villager (Male) |
| 28:49 | Build | Watch Tower |
| 29:38 | Build | Watch Tower |
| 30:01 | Queue | Villager (Male) |
| 30:01 | Queue | Villager (Male) |
| 30:36 | Build | Watch Tower |
| 31:05 | Queue | Villager (Male) |
Build order — CFGX | FCNancho
First 150 of 167 actions detected
| 0:02 | Queue | Villager (Male) |
| 0:02 | Queue | Villager (Male) |
| 0:02 | Queue | Villager (Male) |
| 0:03 | Build | House |
| 0:05 | Build | House |
| 0:14 | Queue | Villager (Male) |
| 1:29 | Queue | Villager (Male) |
| 1:30 | Queue | Villager (Male) |
| 1:59 | Queue | Villager (Male) |
| 1:59 | Queue | Villager (Male) |
| 2:24 | Queue | Villager (Male) |
| 2:25 | Queue | Villager (Male) |
| 2:29 | Build | Lumber Camp |
| 2:42 | Queue | Villager (Male) |
| 2:42 | Queue | Villager (Male) |
| 3:10 | Queue | Villager (Male) |
| 3:10 | Queue | Villager (Male) |
| 3:27 | Build | House |
| 3:28 | Build | Palisade Wall |
| 3:36 | Queue | Villager (Male) |
| 3:36 | Queue | Villager (Male) |
| 3:57 | Queue | Villager (Male) |
| 3:57 | Queue | Villager (Male) |
| 4:25 | Build | House |
| 4:32 | Queue | Villager (Male) |
| 4:32 | Queue | Villager (Male) |
| 4:33 | Queue | Villager (Male) |
| 4:33 | Queue | Villager (Male) |
| 4:51 | Queue | Villager (Male) |
| 5:21 | Build | Mill |
| 5:27 | Queue | Villager (Male) |
| 5:27 | Queue | Villager (Male) |
| 5:29 | Queue | Villager (Male) |
| 5:32 | Research | Loom |
| 6:14 | Queue | Villager (Male) |
| 7:06 | Research | Feudal Age |
| 7:39 | Build | Lumber Camp |
| 8:17 | Build | House |
| 8:20 | Build | House |
| 8:25 | Build | House |
| 8:52 | Build | House |
| 9:08 | Queue | Villager (Male) |
| 9:16 | Age | Feudal Age |
| 9:27 | Build | Barracks |
| 9:30 | Build | Mining Camp |
| 9:35 | Queue | Villager (Male) |
| 9:47 | Research | Double-Bit Axe |
| 10:04 | Queue | Villager (Male) |
| 10:23 | Queue | Villager (Male) |
| 10:28 | Build | Archery Range |
| 10:50 | Queue | Villager (Male) |
| 11:06 | Build | House |
| 11:27 | Build | Mining Camp |
| 11:59 | Build | House |
| 12:14 | Build | House |
| 12:17 | Queue | Archer |
| 12:17 | Queue | Archer |
| 12:18 | Queue | Archer |
| 12:18 | Queue | Archer |
| 12:46 | Build | Mining Camp |
| 13:08 | Build | Watch Tower |
| 13:15 | Build | Watch Tower |
| 14:04 | Build | Lumber Camp |
| 15:13 | Build | Blacksmith |
| 15:26 | Queue | Archer |
| 15:26 | Queue | Archer |
| 15:26 | Queue | Archer |
| 15:26 | Queue | Archer |
| 16:04 | Queue | Archer |
| 16:04 | Queue | Archer |
| 16:05 | Queue | Archer |
| 16:17 | Research | Fletching |
| 16:23 | Build | House |
| 16:23 | Build | House |
| 16:59 | Build | Archery Range |
| 17:35 | Build | Town Center |
| 17:56 | Build | Watch Tower |
| 18:02 | Queue | Archer |
| 18:02 | Queue | Archer |
| 18:02 | Queue | Archer |
| 18:02 | Queue | Archer |
| 18:02 | Queue | Archer |
| 18:39 | Queue | Archer |
| 18:40 | Queue | Archer |
| 18:44 | Build | Palisade Wall |
| 18:44 | Build | Palisade Wall |
| 18:44 | Build | Palisade Wall |
| 18:45 | Build | Palisade Wall |
| 18:45 | Build | Palisade Wall |
| 18:46 | Build | Palisade Wall |
| 18:46 | Build | Palisade Wall |
| 19:28 | Queue | Villager (Male) |
| 19:28 | Queue | Villager (Male) |
| 19:28 | Queue | Villager (Male) |
| 19:56 | Build | Farm |
| 19:58 | Build | Farm |
| 19:58 | Build | Farm |
| 20:05 | Queue | Archer |
| 20:05 | Queue | Archer |
| 20:35 | Queue | Archer |
| 20:35 | Queue | Archer |
| 22:27 | Queue | Archer |
| 22:27 | Queue | Archer |
| 22:31 | Build | Farm |
| 22:45 | Build | Farm |
| 22:46 | Build | Farm |
| 22:53 | Queue | Archer |
| 22:54 | Queue | Archer |
| 23:02 | Build | Farm |
| 23:15 | Build | House |
| 23:16 | Build | House |
| 23:24 | Build | House |
| 23:42 | Build | House |
| 23:49 | Build | House |
| 23:54 | Build | Palisade Wall |
| 23:57 | Build | House |
| 24:30 | Build | House |
| 24:35 | Queue | Archer |
| 24:36 | Queue | Archer |
| 24:37 | Queue | Villager (Male) |
| 24:38 | Queue | Villager (Male) |
| 24:44 | Build | Watch Tower |
| 24:48 | Build | House |
| 25:07 | Queue | Archer |
| 25:08 | Queue | Archer |
| 25:08 | Queue | Archer |
| 25:08 | Queue | Archer |
| 25:08 | Queue | Archer |
| 25:38 | Build | Mill |
| 25:50 | Queue | Villager (Male) |
| 25:50 | Queue | Villager (Male) |
| 26:45 | Queue | Villager (Male) |
| 26:46 | Queue | Villager (Male) |
| 26:48 | Build | Farm |
| 26:49 | Build | Farm |
| 26:50 | Build | Farm |
| 26:54 | Build | Farm |
| 26:55 | Build | Farm |
| 26:56 | Queue | Villager (Male) |
| 27:06 | Build | Farm |
| 27:08 | Build | Farm |
| 27:10 | Build | Farm |
| 27:14 | Queue | Archer |
| 27:15 | Queue | Archer |
| 27:22 | Build | Farm |
| 27:25 | Build | Farm |
| 27:32 | Queue | Villager (Male) |
| 27:32 | Queue | Villager (Male) |
| 28:21 | Queue | Archer |
| 28:21 | Queue | Archer |
Match timeline
| 3:28 | CFGX | FCNancho · wall_segment Palisade Wall x1 |
| 9:16 | CFGX | FCNancho · age_up feudal |
| 9:27 | CFGX | FCNancho · first_building Barracks |
| 10:28 | CFGX | FCNancho · first_building Archery Range |
| 15:23 | BOT jose · first_building Barracks |
| 18:14 | BOT jose · age_up feudal |
| 18:44 | CFGX | FCNancho · wall_segment Palisade Wall x3 |
| 18:44 | CFGX | FCNancho · wall_segment Palisade Wall x1 |
| 18:44 | CFGX | FCNancho · wall_segment Palisade Wall x1 |
| 18:45 | CFGX | FCNancho · wall_segment Palisade Wall x1 |
| 18:45 | CFGX | FCNancho · wall_segment Palisade Wall x1 |
| 18:46 | CFGX | FCNancho · wall_segment Palisade Wall x1 |
| 18:46 | CFGX | FCNancho · wall_segment Palisade Wall x1 |
| 23:54 | CFGX | FCNancho · wall_segment Palisade Wall x1 |
| 32:04 | BOT jose · resign |
[ AI ANALYSIS · 1 CREDIT ]
What really happened in this match?
Wolo.gg analyzes every decision: build order, eco, micro, common mistakes by bracket. Personalized analysis on WhatsApp or Discord in 30 seconds.
Civ guide
Persians
Perfil
Jugador #16231506